Senators vs Bruins

Created - Tuesday, January 27, 2015 at 23:51

Goals
1 2 3 T
Senators 0 0 0 0
Bruins 0 0 1 1
Shots
1 2 3 T
Senators 6 2 9 17
Bruins 12 4 7 23

1st period

No Goal

Penalties :
Buddy Robinson (Pro) for Fighting (Major) at 0:13, Mike Brown (BIN) for Fighting (Major) at 0:13, David Broll (BIN) for High sticking (Minor) at 1:37, Andrew MacWilliam (BIN) for Interference (Minor) at 7:39

2nd period

No Goal

Penalties :
Kyle Chipchura (BIN) for Tripping (Minor) at 4:59

3rd period

1. Bruins , Anton Lander 8 (Scott Timmins, Jake Newton) at 14:01 (PP)

Penalties :
Steve Eminger (BIN) for Holding (Minor) at 4:16, Colton Orr (BIN) for High sticking (Minor) at 7:35, Joe Finley (BIN) for Tripping (Minor) at 12:35, Kevin Czuczman (Pro) for Roughing (Minor) at 16:59

Goalie Stats

Jean-Francois Berube (BIN), 22 saves from 23 shots - (0.957), L, 28-11-8, 60:00 minutes
Philipp Grubauer (Pro), 17 saves from 17 shots - (1.000), W, 24-3-7, 60:00 minutes

Players Stats for Senators

Player Name              G  A  P  +/- PIM S  H  SB GA TA FO     MP     PP MP  PK MP  
------------------------------------------------------------------------------------
Andrew MacWilliam        0  0  0   0  2   0  0  0  1  0  0/0    17:56   0:00   1:10 
Colton Orr               0  0  0   0  2   2  5  0  1  0  0/0    18:34   1:13   2:36 
Daine Todd               0  0  0   0  0   1  1  3  2  1  2/6    14:20   0:00   0:00 
David Broll              0  0  0   0  2   3  2  1  0  0  0/0    17:58   0:00   2:11 
Emerson Etem             0  0  0   0  0   0  1  1  1  1  2/6    19:43   0:46   5:59 
Evan Trupp               0  0  0   0  0   1  0  0  0  0  1/4     9:46   0:00   0:00 
Greg Nemisz              0  0  0   0  0   1  1  2  2  2  0/0    14:18   0:00   0:00 
Greg Pateryn             0  0  0   0  0   0  1  0  2  2  0/0    24:20   0:29   5:53 
Jesse Blacker            0  0  0   0  0   0  2  2  1  1  0/0    24:20   0:29   5:53 
Joe Finley               0  0  0   0  2   0  0  1  0  0  0/0     4:07   0:00   0:00 
Josh Leivo               0  0  0   0  0   3  3  0  2  2  0/0    14:59   1:13   0:02 
Kenny Ryan               0  0  0   0  0   0  0  0  0  0  0/0     0:44   0:00   0:00 
Korbinian Holzer         0  0  0   0  0   1  1  1  1  1  0/0    23:57   1:30   5:28 
Kyle Chipchura           0  0  0   0  2   3  2  0  3  1  3/6    16:29   0:46   5:31 
Martin St. Pierre        0  0  0   0  0   2  3  2  1  0  5/6    16:30   1:13   0:27 
Mike Brown               0  0  0   0  5   0  3  0  4  1  1/1    12:44   0:46   2:26 
Steve Eminger            0  0  0   0  2   0  0  3  0  0  0/0    24:35   1:30   4:18 
Tyler Biggs              0  0  0   0  0   0  1  0  0  1  1/4    13:11   0:00   3:30 

Players Stats for Bruins

Player Name              G  A  P  +/- PIM S  H  SB GA TA FO     MP     PP MP  PK MP  
------------------------------------------------------------------------------------
Anton Lander             1  0  1   0  0   3  1  0  0  0  0/1    20:42   5:40   0:51 
Brandon Alderson         0  0  0   0  0   0  1  0  0  0  0/0    17:55   2:17   0:00 
Brandon Manning          0  0  0   0  0   0  4  1  1  0  0/0    20:04   4:58   0:38 
Buddy Robinson           0  0  0   0  5   1  0  1  4  1  0/2    19:03   5:00   0:54 
Conor Allen              0  0  0   0  0   1  0  0  0  0  0/0     4:53   0:00   0:00 
Dmitry Korobov           0  0  0   0  0   2  1  0  0  3  0/0    24:27   6:23   1:21 
Erik Nystrom             0  0  0   0  0   0  0  0  1  0  0/0     4:45   0:05   0:35 
Jake Newton              0  1  1   0  0   1  1  0  1  1  0/0    20:04   4:58   0:38 
John Mitchell A          0  0  0   0  0   1  1  0  0  0  0/0     7:10   0:00   0:00 
Kael Mouillierat         0  0  0   0  0   3  4  1  1  2  4/9    20:11   4:26   0:35 
Kevin Czuczman           0  0  0   0  2   1  0  0  0  0  0/0    15:33   0:00   0:00 
Magnus Nygren            0  0  0   0  0   2  1  1  0  0  0/0    15:03   0:00   0:00 
Marc Hagel               0  0  0   0  0   0  1  2  1  0  2/2    16:54   0:23   1:03 
Patrick Bordeleau        0  0  0   0  0   1  0  1  2  1  2/6    14:42   0:00   0:00 
Patrick Cehlin           0  0  0   0  0   1  3  1  2  3  0/0    17:40   5:13   0:00 
Raman Hrabarenka         0  0  0   0  0   1  1  3  1  2  0/0    21:12   6:23   1:21 
Scott Timmins            0  1  1   0  0   1  1  0  3  0  10/13  19:39   5:46   0:00 
Tim Sestito              0  0  0   0  0   4  0  0  5  2  0/0    18:02   5:13   0:00 

3 Stars

1 - Philipp Grubauer (Pro)
2 - Jean-Francois Berube (BIN)
3 - Anton Lander (Pro)

Power Play

Senators - 0 on 1 Attempt(s) - 0.00%
Bruins - 1 on 7 Attempt(s) - 14.29%

Penalty Kill

Senators - 6 on 7 Attempt(s) - 85.71% - Score 0 goal in Penalty Kill
Bruins - 1 on 1 Attempt(s) - 100.00% - Score 0 goal in Penalty Kill

Team Stat

Senators - Hits : 26 - Faceoff Wins : 15 - Blocked Shots : 16 - Penalty Minutes : 17
Bruins - Hits : 20 - Faceoff Wins : 18 - Blocked Shots : 11 - Penalty Minutes : 7

Official

Referees : Unknown
Linesman : Unknown

Game Notes

Mike Brown beats up Buddy Robinson at 0:13 of 1st period
1:22 of 2nd period - Penalty Shot by Korbinian Holzer for Senators - Stopped by Philipp Grubauer

Finance

Level 1 -- Attendance: 1472 (73.60%) -- Ticket Income $51,520
Level 2 -- Attendance: 818 (81.80%) -- Ticket Income $12,270
Total Attendance: 2290 (76.33%)
Total Ticket Income: $63,790
Other Income: $31,257
Total Income: $95,047

Senators

5 vs 5 Forward 
   Center                   Left Wing                Right Wing               Time % Phy DF OF 
 1 Kyle Chipchura           Emerson Etem             Mike Brown               35     1   2  2  
 2 Martin St. Pierre        Josh Leivo               Colton Orr               30     1   2  2  
 3 Daine Todd               David Broll              Greg Nemisz              22     1   2  2  
 4 Evan Trupp               Emerson Etem             Tyler Biggs              13     1   2  2  

5 vs 5 Defense 
   Defense                  Defense                                           Time % Phy DF OF 
 1 Steve Eminger            Korbinian Holzer                                  35     1   2  2  
 2 Greg Pateryn             Jesse Blacker                                     30     1   2  2  
 3 Andrew MacWilliam        Steve Eminger                                     22     1   2  2  
 4 Steve Eminger            Korbinian Holzer                                  13     1   2  2  

PowerPlay Forward 
   Center                   Left Wing                Right Wing               Time % Phy DF OF 
 1 Kyle Chipchura           Emerson Etem             Mike Brown               60     1   2  2  
 2 Martin St. Pierre        Josh Leivo               Colton Orr               40     1   2  2  

PowerPlay Defense
   Defense                  Defense                                           Time % Phy DF OF 
 1 Steve Eminger            Korbinian Holzer                                  60     1   2  2  
 2 Greg Pateryn             Jesse Blacker                                     40     1   2  2  

Penalty Kill 4 Players Forward 
   Center                   Wing                     Time % Phy DF OF 
 1 Emerson Etem             Kyle Chipchura           60     1   2  2  
 2 Mike Brown               Colton Orr               40     1   2  2  

Penalty Kill 4 Players Defense
   Defense                  Defense                  Time % Phy DF OF 
 1 Steve Eminger            Korbinian Holzer         60     1   2  2  
 2 Greg Pateryn             Jesse Blacker            40     1   2  2  

Penalty Kill - 3 Players Forward 
   Forward                                           Time % Phy DF OF 
 1 Emerson Etem                                      60     1   2  2  
 2 Kyle Chipchura                                    40     1   2  2  

Penalty Kill - 3 Players Defense
   Defense                  Defense                  Time % Phy DF OF 
 1 Steve Eminger            Korbinian Holzer         60     1   2  2  
 2 Greg Pateryn             Jesse Blacker            40     1   2  2  

4 vs 4 Forward 
   Center                   Wing                     Time % Phy DF OF 
 1 Emerson Etem             Kyle Chipchura           60     1   2  2  
 2 Mike Brown               Colton Orr               40     1   2  2  

4 vs 4 Defense
   Defense                  Defense                  Time % Phy DF OF 
 1 Steve Eminger            Korbinian Holzer         60     1   2  2  
 2 Greg Pateryn             Jesse Blacker            40     1   2  2  

Last Minutes Offensive
   Center                   Left Wing                Right Wing               Defense                  Defense                  
   Kyle Chipchura           Emerson Etem             Mike Brown               Steve Eminger            Korbinian Holzer         

Last Minutes Defensive
   Center                   Left Wing                Right Wing               Defense                  Defense                  
   Kyle Chipchura           Emerson Etem             Mike Brown               Steve Eminger            Korbinian Holzer         

Goaltenders
Starting : Jean-Francois Berube     
Backup : Cedrick Desjardins       

Extra Forwards
Normal : Daine Todd, Greg Nemisz, Tyler Biggs - PP : Daine Todd, Greg Nemisz - PK : Tyler Biggs
Extra Defensemen
Normal : Andrew MacWilliam, Steve Eminger, Greg Pateryn - PP : Andrew MacWilliam - PK : Steve Eminger, Greg Pateryn
Penalty Shots
Emerson Etem, Kyle Chipchura, Mike Brown, Colton Orr, Josh Leivo

Bruins

5 vs 5 Forward 
   Center                   Left Wing                Right Wing               Time % Phy DF OF 
 1 Patrick Bordeleau        Anton Lander             Buddy Robinson           35     1   2  2  
 2 Kael Mouillierat         Tim Sestito              Patrick Cehlin           30     1   2  2  
 3 Scott Timmins            Marc Hagel               Brandon Alderson         22     1   2  2  
 4 Kael Mouillierat         John Mitchell A          Anton Lander             13     1   2  2  

5 vs 5 Defense 
   Defense                  Defense                                           Time % Phy DF OF 
 1 Dmitry Korobov           Raman Hrabarenka                                  35     1   2  2  
 2 Brandon Manning          Jake Newton                                       30     1   2  2  
 3 Magnus Nygren            Kevin Czuczman                                    22     1   2  2  
 4 Conor Allen              Dmitry Korobov                                    13     1   2  2  

PowerPlay Forward 
   Center                   Left Wing                Right Wing               Time % Phy DF OF 
 1 Scott Timmins            Anton Lander             Buddy Robinson           60     1   2  2  
 2 Kael Mouillierat         Tim Sestito              Patrick Cehlin           40     1   2  2  

PowerPlay Defense
   Defense                  Defense                                           Time % Phy DF OF 
 1 Dmitry Korobov           Raman Hrabarenka                                  60     1   2  2  
 2 Brandon Manning          Jake Newton                                       40     1   2  2  

Penalty Kill 4 Players Forward 
   Center                   Wing                     Time % Phy DF OF 
 1 Buddy Robinson           Anton Lander             60     1   2  2  
 2 Kael Mouillierat         Tim Sestito              40     1   2  2  

Penalty Kill 4 Players Defense
   Defense                  Defense                  Time % Phy DF OF 
 1 Dmitry Korobov           Raman Hrabarenka         60     1   2  2  
 2 Brandon Manning          Jake Newton              40     1   2  2  

Penalty Kill - 3 Players Forward 
   Forward                                           Time % Phy DF OF 
 1 Kael Mouillierat                                  60     1   2  2  
 2 Anton Lander                                      40     1   2  2  

Penalty Kill - 3 Players Defense
   Defense                  Defense                  Time % Phy DF OF 
 1 Dmitry Korobov           Raman Hrabarenka         60     1   2  2  
 2 Brandon Manning          Jake Newton              40     1   2  2  

4 vs 4 Forward 
   Center                   Wing                     Time % Phy DF OF 
 1 Patrick Bordeleau        Anton Lander             60     1   2  2  
 2 Kael Mouillierat         Tim Sestito              40     1   2  2  

4 vs 4 Defense
   Defense                  Defense                  Time % Phy DF OF 
 1 Dmitry Korobov           Raman Hrabarenka         60     1   2  2  
 2 Brandon Manning          Jake Newton              40     1   2  2  

Last Minutes Offensive
   Center                   Left Wing                Right Wing               Defense                  Defense                  
   Patrick Bordeleau        Anton Lander             Buddy Robinson           Dmitry Korobov           Raman Hrabarenka         

Last Minutes Defensive
   Center                   Left Wing                Right Wing               Defense                  Defense                  
   Patrick Bordeleau        Anton Lander             Buddy Robinson           Dmitry Korobov           Raman Hrabarenka         

Goaltenders
Starting : Philipp Grubauer         
Backup : Andrey Makarov           

Extra Forwards
Normal : Scott Timmins, Brandon Alderson, Marc Hagel - PP : Scott Timmins, Brandon Alderson - PK : Marc Hagel
Extra Defensemen
Normal : Magnus Nygren, Dmitry Korobov, Raman Hrabarenka - PP : Magnus Nygren - PK : Raman Hrabarenka, Dmitry Korobov
Penalty Shots
Buddy Robinson, Anton Lander, Kael Mouillierat, Tim Sestito, Scott Timmins

% Time on Ice - Senators

Lines # - Real PCT - Wanted PCT - Time Play
Normal Forward
1 - 24% - 35% - 11:17
2 - 29% - 30% - 13:20
3 - 28% - 22% - 13:14
4 - 19% - 13% - 8:49
Normal Defense
1 - 27% - 35% - 12:47
2 - 40% - 30% - 18:39
3 - 28% - 22% - 13:15
4 - 4% - 13% - 1:59
PP Forward
1 - 39% - 60% - 0:46
2 - 61% - 40% - 1:13
PP Defense
1 - 76% - 60% - 1:30
2 - 24% - 40% - 0:29
PK Forward
1 - 72% - 60% - 8:10
2 - 28% - 40% - 3:11
PK Defense
1 - 48% - 60% - 5:28
2 - 52% - 40% - 5:53
PK3 Forward
1 - 0% - 60%
2 - 0% - 40%
PK3 Defense
1 - 0% - 60%
2 - 0% - 40%
44 Forward
1 - 0% - 60%
2 - 0% - 40%
44 Defense
1 - 0% - 60%
2 - 0% - 40%
Last Minute Offensive  - 0:00
Last Minute Defensive  - 0:00
Total
Forward - 60:00
Defense - 60:00

% Time on Ice - Bruins

Lines # - Real PCT - Wanted PCT - Time Play
Normal Forward
1 - 30% - 35% - 13:52
2 - 26% - 30% - 11:55
3 - 29% - 22% - 13:04
4 - 15% - 13% - 6:53
Normal Defense
1 - 26% - 35% - 11:43
2 - 32% - 30% - 14:28
3 - 32% - 22% - 14:40
4 - 11% - 13% - 4:53
PP Forward
1 - 54% - 60% - 6:08
2 - 46% - 40% - 5:13
PP Defense
1 - 56% - 60% - 6:23
2 - 44% - 40% - 4:58
PK Forward
1 - 100% - 60% - 1:59
2 - 0% - 40% - 0:00
PK Defense
1 - 68% - 60% - 1:21
2 - 32% - 40% - 0:38
PK3 Forward
1 - 0% - 60%
2 - 0% - 40%
PK3 Defense
1 - 0% - 60%
2 - 0% - 40%
44 Forward
1 - 0% - 60%
2 - 0% - 40%
44 Defense
1 - 0% - 60%
2 - 0% - 40%
Last Minute Offensive  - 0:00
Last Minute Defensive  - 0:56
Total
Forward - 60:00
Defense - 60:00

Play by Play

1st period


0:01 of 1st period - Kyle Chipchura wins face-off versus Patrick Bordeleau in neutral zone.
0:13 of 1st period - Mike Brown beats up Buddy Robinson.
0:13 of 1st period - Penalty to Buddy Robinson for Fighting.
0:13 of 1st period - Penalty to Mike Brown for Fighting.
0:14 of 1st period - Martin St. Pierre wins face-off versus Kael Mouillierat in Senators zone.
0:43 of 1st period - Snap shot by Kael Mouillierat.
0:43 of 1st period - Stopped by Jean-Francois Berube without a rebound.
0:44 of 1st period - Scott Timmins wins face-off versus Daine Todd in Senators zone.
0:55 of 1st period - Slapshot by Magnus Nygren.
0:55 of 1st period - Shot Blocked by Steve Eminger.
0:57 of 1st period - Slapshot by Magnus Nygren.
0:57 of 1st period - Stopped by Jean-Francois Berube without a rebound.
0:58 of 1st period - Scott Timmins wins face-off versus Daine Todd in Senators zone.
1:01 of 1st period - Wrist shot by Scott Timmins.
1:01 of 1st period - Shot Blocked by Greg Nemisz.
1:03 of 1st period - Slapshot by Magnus Nygren.
1:03 of 1st period - Stopped by Jean-Francois Berube with a rebound.
1:05 of 1st period - Slapshot by Kevin Czuczman.
1:05 of 1st period - Shot Blocked by Steve Eminger.
1:07 of 1st period - Snap shot by Brandon Alderson.
1:07 of 1st period - Shot Misses the Net.
1:09 of 1st period - Snap shot by Marc Hagel.
1:09 of 1st period - Shot Misses the Net.
1:25 of 1st period - Slapshot by Brandon Alderson.
1:25 of 1st period - Shot Misses the Net.
1:27 of 1st period - Slapshot by Magnus Nygren.
1:27 of 1st period - Shot Blocked by Steve Eminger.
1:29 of 1st period - Slapshot by Kevin Czuczman.
1:29 of 1st period - Stopped by Jean-Francois Berube with a rebound.
1:37 of 1st period - Minor Penalty to David Broll for High sticking.
1:38 of 1st period - Kael Mouillierat wins face-off versus Emerson Etem in Senators zone.
1:53 of 1st period - Slapshot by Kael Mouillierat.
1:53 of 1st period - Shot Blocked by Emerson Etem.
2:29 of 1st period - Brandon Alderson is hit by Colton Orr.
2:37 of 1st period - Jesse Blacker is hit by Scott Timmins and loses puck.
2:51 of 1st period - Icing by Brandon Manning.
2:52 of 1st period - Scott Timmins wins face-off versus Emerson Etem in Bruins zone.
3:11 of 1st period - Jesse Blacker is hit by Anton Lander.
3:37 of 1st period - Penalty to David Broll is over, David Broll is back on ice.
3:39 of 1st period - David Broll is hit by Patrick Cehlin and loses puck.
5:02 of 1st period - Brandon Alderson is hit by Josh Leivo.
5:06 of 1st period - Wrist shot by Marc Hagel.
5:06 of 1st period - Deflect By Brandon Alderson.
5:06 of 1st period - Shot Blocked by Martin St. Pierre.
5:06 of 1st period - Puck is out of play.
5:07 of 1st period - Marc Hagel wins face-off versus Kyle Chipchura in Senators zone.
5:29 of 1st period - Off-side.
5:30 of 1st period - Kael Mouillierat wins face-off versus Evan Trupp in neutral zone.
5:33 of 1st period - Jesse Blacker is hit by Dmitry Korobov and loses puck.
6:34 of 1st period - Wrist shot by Anton Lander.
6:34 of 1st period - Shot Blocked by Martin St. Pierre.
6:52 of 1st period - Snap shot by Greg Nemisz.
6:52 of 1st period - Stopped by Philipp Grubauer without a rebound.
6:53 of 1st period - Daine Todd wins face-off versus Scott Timmins in Bruins zone.
6:54 of 1st period - Snap shot by David Broll.
6:54 of 1st period - Stopped by Philipp Grubauer with a rebound.
7:00 of 1st period - Snap shot by Scott Timmins.
7:00 of 1st period - Stopped by Jean-Francois Berube with a rebound.
7:16 of 1st period - Wrist shot by Kael Mouillierat.
7:16 of 1st period - Shot Blocked by Daine Todd.
7:18 of 1st period - Snap shot by Patrick Cehlin.
7:18 of 1st period - Stopped by Jean-Francois Berube with a rebound.
7:39 of 1st period - Minor Penalty to Andrew MacWilliam for Interference.
7:40 of 1st period - Scott Timmins wins face-off versus Emerson Etem in Senators zone.
7:55 of 1st period - Slapshot by Buddy Robinson.
7:55 of 1st period - Stopped by Jean-Francois Berube with a rebound.
8:21 of 1st period - Wrist shot by Kael Mouillierat.
8:21 of 1st period - Shot Misses the Net.
9:39 of 1st period - Penalty to Andrew MacWilliam is over, Andrew MacWilliam is back on ice.
10:02 of 1st period - Snap shot by Brandon Alderson.
10:02 of 1st period - Shot Misses the Net.
10:22 of 1st period - Slapshot by Patrick Cehlin.
10:22 of 1st period - Shot Blocked by Greg Nemisz.
10:28 of 1st period - Tim Sestito is hit by David Broll and loses puck.
10:47 of 1st period - Snap shot by Emerson Etem.
10:47 of 1st period - Shot Blocked by Patrick Cehlin.
10:49 of 1st period - Wrist shot by Evan Trupp.
10:49 of 1st period - Stopped by Philipp Grubauer without a rebound.
10:50 of 1st period - Patrick Bordeleau wins face-off versus Evan Trupp in Bruins zone.
11:09 of 1st period - Brandon Manning is hit by Tyler Biggs and loses puck.
11:26 of 1st period - Snap shot by Josh Leivo.
11:26 of 1st period - Shot Misses the Net.
11:28 of 1st period - Slapshot by Colton Orr.
11:28 of 1st period - Stopped by Philipp Grubauer with a rebound.
11:30 of 1st period - Wrist shot by Josh Leivo.
11:30 of 1st period - Stopped by Philipp Grubauer with a rebound.
11:38 of 1st period - Scott Timmins is hit by Martin St. Pierre and loses puck.
11:52 of 1st period - Icing by Brandon Alderson.
11:53 of 1st period - Scott Timmins wins face-off versus Daine Todd in Bruins zone.
11:58 of 1st period - Greg Nemisz is hit by Brandon Manning and loses puck.
12:13 of 1st period - Patrick Bordeleau is hit by Jesse Blacker and loses puck.
12:38 of 1st period - Wrist shot by Kael Mouillierat.
12:38 of 1st period - Stopped by Jean-Francois Berube with a rebound.
13:28 of 1st period - Snap shot by Buddy Robinson.
13:28 of 1st period - Shot Misses the Net.
13:48 of 1st period - Daine Todd is hit by Brandon Alderson and loses puck.
14:46 of 1st period - Snap shot by John Mitchell A.
14:46 of 1st period - Stopped by Jean-Francois Berube with a rebound.
14:48 of 1st period - Slapshot by Conor Allen.
14:48 of 1st period - Stopped by Jean-Francois Berube with a rebound.
14:50 of 1st period - Slapshot by Dmitry Korobov.
14:50 of 1st period - Deflect By Brandon Alderson.
14:50 of 1st period - Shot Misses the Net.
14:50 of 1st period - Puck is out of play.
14:51 of 1st period - Martin St. Pierre wins face-off versus Kael Mouillierat in Senators zone.
15:06 of 1st period - Snap shot by Kyle Chipchura.
15:06 of 1st period - Stopped by Philipp Grubauer without a rebound.
15:07 of 1st period - Kyle Chipchura wins face-off versus Anton Lander in Bruins zone.
16:03 of 1st period - Mike Brown is hit by Kael Mouillierat and loses puck.
17:17 of 1st period - Anton Lander is hit by Josh Leivo and loses puck.
17:34 of 1st period - Snap shot by Tim Sestito.
17:34 of 1st period - Stopped by Jean-Francois Berube with a rebound.
17:36 of 1st period - Slapshot by Tim Sestito.
17:36 of 1st period - Shot Blocked by Joe Finley.
17:38 of 1st period - Snap shot by Jake Newton.
17:38 of 1st period - Stopped by Jean-Francois Berube without a rebound.
17:39 of 1st period - Daine Todd wins face-off versus Kael Mouillierat in Senators zone.
17:50 of 1st period - Patrick Cehlin is hit by Daine Todd.
18:22 of 1st period - Marc Hagel is hit by Josh Leivo and loses puck.
18:56 of 1st period - Off-side.
18:57 of 1st period - Patrick Bordeleau wins face-off versus Evan Trupp in neutral zone.
Goals for this period are 0 for Senators vs 0 for Bruins.
Shots for this period are 6 for Senators vs 12 for Bruins.

2nd period


0:01 of 2nd period - Kyle Chipchura wins face-off versus Patrick Bordeleau in neutral zone.
1:12 of 2nd period - Wrist shot by Kael Mouillierat.
1:12 of 2nd period - Shot Misses the Net.
1:14 of 2nd period - Snap shot by Tim Sestito.
1:14 of 2nd period - Shot Misses the Net.
1:22 of 2nd period - Penalty Shot by Korbinian Holzer for Senators.
1:22 of 2nd period - Snap shot by Korbinian Holzer.
1:22 of 2nd period - Stopped by Philipp Grubauer.
1:23 of 2nd period - Scott Timmins wins face-off versus Daine Todd in Senators zone.
2:33 of 2nd period - Wrist shot by Anton Lander.
2:33 of 2nd period - Stopped by Jean-Francois Berube with a rebound.
2:39 of 2nd period - Brandon Manning is hit by Emerson Etem and loses puck.
2:50 of 2nd period - Martin St. Pierre is hit by Brandon Manning and loses puck.
3:13 of 2nd period - Wrist shot by Tim Sestito.
3:13 of 2nd period - Stopped by Jean-Francois Berube with a rebound.
4:59 of 2nd period - Minor Penalty to Kyle Chipchura for Tripping.
5:00 of 2nd period - Tyler Biggs wins face-off versus Scott Timmins in Senators zone.
5:07 of 2nd period - Wrist shot by Scott Timmins.
5:07 of 2nd period - Deflect By Anton Lander.
5:07 of 2nd period - Shot Misses the Net.
5:07 of 2nd period - Puck is out of play.
5:08 of 2nd period - Scott Timmins wins face-off versus Tyler Biggs in Senators zone.
5:51 of 2nd period - David Broll is hit by Kael Mouillierat and loses puck.
6:59 of 2nd period - Penalty to Kyle Chipchura is over, Kyle Chipchura is back on ice.
7:09 of 2nd period - Wrist shot by Marc Hagel.
7:09 of 2nd period - Shot Misses the Net.
7:11 of 2nd period - Wrist shot by Brandon Alderson.
7:11 of 2nd period - Shot Misses the Net.
7:13 of 2nd period - Snap shot by Scott Timmins.
7:13 of 2nd period - Shot Misses the Net.
7:31 of 2nd period - Magnus Nygren is hit by Kyle Chipchura and loses puck.
8:10 of 2nd period - Wrist shot by Martin St. Pierre.
8:10 of 2nd period - Stopped by Philipp Grubauer with a rebound.
9:18 of 2nd period - Wrist shot by Kyle Chipchura.
9:18 of 2nd period - Stopped by Philipp Grubauer with a rebound.
9:20 of 2nd period - Snap shot by Mike Brown.
9:20 of 2nd period - Shot Blocked by Kael Mouillierat.
9:32 of 2nd period - Mike Brown is hit by Kael Mouillierat and loses puck.
12:18 of 2nd period - Greg Nemisz is hit by John Mitchell A and loses puck.
13:00 of 2nd period - Emerson Etem is hit by Brandon Manning and loses puck.
13:07 of 2nd period - Snap shot by Patrick Bordeleau.
13:07 of 2nd period - Stopped by Jean-Francois Berube with a rebound.
13:34 of 2nd period - Scott Timmins is hit by Mike Brown.
15:04 of 2nd period - Tyler Biggs is hit by Magnus Nygren and loses puck.
15:27 of 2nd period - Anton Lander is hit by Greg Pateryn and loses puck.
18:00 of 2nd period - Scott Timmins is hit by Mike Brown and loses puck.
18:11 of 2nd period - Magnus Nygren is hit by Kyle Chipchura and loses puck.
18:28 of 2nd period - John Mitchell A is hit by Colton Orr and loses puck.
18:53 of 2nd period - Greg Pateryn is hit by Patrick Cehlin and loses puck.
19:46 of 2nd period - Snap shot by Tim Sestito.
19:46 of 2nd period - Shot Misses the Net.
19:48 of 2nd period - Wrist shot by Tim Sestito.
19:48 of 2nd period - Stopped by Jean-Francois Berube with a rebound.
19:50 of 2nd period - Slapshot by Raman Hrabarenka.
19:50 of 2nd period - Shot Misses the Net.
Goals for this period are 0 for Senators vs 0 for Bruins.
Shots for this period are 2 for Senators vs 4 for Bruins.

3rd period


0:01 of 3rd period - Mike Brown wins face-off versus Patrick Bordeleau in neutral zone.
0:10 of 3rd period - Snap shot by Kyle Chipchura.
0:10 of 3rd period - Stopped by Philipp Grubauer with a rebound.
0:12 of 3rd period - Slapshot by Korbinian Holzer.
0:12 of 3rd period - Shot Blocked by Raman Hrabarenka.
0:14 of 3rd period - Wrist shot by Kyle Chipchura.
0:14 of 3rd period - Shot Misses the Net.
0:28 of 3rd period - Anton Lander is hit by Korbinian Holzer and loses puck.
0:35 of 3rd period - Snap shot by Kyle Chipchura.
0:35 of 3rd period - Shot Misses the Net.
0:37 of 3rd period - Slapshot by Steve Eminger.
0:37 of 3rd period - Shot Misses the Net.
0:55 of 3rd period - Patrick Cehlin is hit by Martin St. Pierre and loses puck.
1:18 of 3rd period - Tim Sestito is hit by Colton Orr and loses puck.
1:48 of 3rd period - Scott Timmins is hit by Jesse Blacker and loses puck.
2:14 of 3rd period - Slapshot by Marc Hagel.
2:14 of 3rd period - Shot Blocked by David Broll.
2:16 of 3rd period - Snap shot by Scott Timmins.
2:16 of 3rd period - Shot Blocked by Daine Todd.
2:18 of 3rd period - Slapshot by Dmitry Korobov.
2:18 of 3rd period - Deflect By Jesse Blacker.
2:18 of 3rd period - Stopped by Jean-Francois Berube with a rebound.
2:20 of 3rd period - Slapshot by Dmitry Korobov.
2:20 of 3rd period - Stopped by Jean-Francois Berube with a rebound.
2:38 of 3rd period - Slapshot by Evan Trupp.
2:38 of 3rd period - Shot Misses the Net.
2:40 of 3rd period - Snap shot by Steve Eminger.
2:40 of 3rd period - Shot Blocked by Patrick Bordeleau.
2:42 of 3rd period - Slapshot by Korbinian Holzer.
2:42 of 3rd period - Deflect By Evan Trupp.
2:42 of 3rd period - Shot Misses the Net.
2:42 of 3rd period - Puck is out of play.
2:43 of 3rd period - Evan Trupp wins face-off versus Patrick Bordeleau in Bruins zone.
4:16 of 3rd period - Minor Penalty to Steve Eminger for Holding.
4:17 of 3rd period - Scott Timmins wins face-off versus Emerson Etem in Senators zone.
4:55 of 3rd period - Jesse Blacker is hit by Patrick Cehlin and loses puck.
5:15 of 3rd period - Korbinian Holzer is hit by Raman Hrabarenka and loses puck.
6:16 of 3rd period - Penalty to Steve Eminger is over, Steve Eminger is back on ice.
6:48 of 3rd period - Wrist shot by Daine Todd.
6:48 of 3rd period - Shot Blocked by Marc Hagel.
6:50 of 3rd period - Wrist shot by Daine Todd.
6:50 of 3rd period - Stopped by Philipp Grubauer with a rebound.
6:52 of 3rd period - Wrist shot by Daine Todd.
6:52 of 3rd period - Shot Blocked by Magnus Nygren.
6:56 of 3rd period - Wrist shot by David Broll.
6:56 of 3rd period - Stopped by Philipp Grubauer with a rebound.
7:04 of 3rd period - Snap shot by David Broll.
7:04 of 3rd period - Stopped by Philipp Grubauer with a rebound.
7:15 of 3rd period - Wrist shot by Greg Nemisz.
7:15 of 3rd period - Shot Misses the Net.
7:35 of 3rd period - Minor Penalty to Colton Orr for High sticking.
7:36 of 3rd period - Emerson Etem wins face-off versus Kael Mouillierat in Senators zone.
7:52 of 3rd period - Snap shot by Kael Mouillierat.
7:52 of 3rd period - Stopped by Jean-Francois Berube without a rebound.
7:53 of 3rd period - Emerson Etem wins face-off versus Kael Mouillierat in Senators zone.
8:06 of 3rd period - Emerson Etem is hit by Brandon Manning and loses puck.
8:15 of 3rd period - Backhand shot by Buddy Robinson.
8:15 of 3rd period - Shot Blocked by Korbinian Holzer.
9:16 of 3rd period - Tim Sestito is hit by David Broll.
9:20 of 3rd period - Slapshot by Raman Hrabarenka.
9:20 of 3rd period - Stopped by Jean-Francois Berube with a rebound.
9:35 of 3rd period - Penalty to Colton Orr is over, Colton Orr is back on ice.
9:43 of 3rd period - Dmitry Korobov is hit by Martin St. Pierre.
10:29 of 3rd period - Slapshot by Magnus Nygren.
10:29 of 3rd period - Shot Misses the Net.
10:31 of 3rd period - Wrist shot by Marc Hagel.
10:31 of 3rd period - Shot Blocked by Daine Todd.
10:33 of 3rd period - Snap shot by Marc Hagel.
10:33 of 3rd period - Shot Blocked by Jesse Blacker.
10:59 of 3rd period - Buddy Robinson is hit by Colton Orr and loses puck.
11:08 of 3rd period - Wrist shot by Josh Leivo.
11:08 of 3rd period - Shot Misses the Net.
11:52 of 3rd period - Snap shot by Colton Orr.
11:52 of 3rd period - Shot Misses the Net.
11:54 of 3rd period - Wrist shot by Greg Pateryn.
11:54 of 3rd period - Shot Blocked by Brandon Manning.
12:29 of 3rd period - Backhand shot by Anton Lander.
12:29 of 3rd period - Shot Misses the Net.
12:35 of 3rd period - Minor Penalty to Joe Finley for Tripping.
12:36 of 3rd period - Scott Timmins wins face-off versus Tyler Biggs in Senators zone.
12:37 of 3rd period - Wrist shot by Anton Lander.
12:37 of 3rd period - Stopped by Jean-Francois Berube without a rebound.
12:38 of 3rd period - Scott Timmins wins face-off versus Tyler Biggs in Senators zone.
13:36 of 3rd period - Greg Pateryn is hit by Kael Mouillierat and loses puck.
14:01 of 3rd period - Wrist shot by Anton Lander.
14:01 of 3rd period - Goal by Anton Lander - Senators : 0 - Bruins : 1.
14:02 of 3rd period - Martin St. Pierre wins face-off versus Scott Timmins in neutral zone.
15:02 of 3rd period - Slapshot by Tim Sestito.
15:02 of 3rd period - Stopped by Jean-Francois Berube with a rebound.
15:17 of 3rd period - Raman Hrabarenka is hit by Greg Nemisz and loses puck.
16:21 of 3rd period - Jesse Blacker is hit by Marc Hagel and loses puck.
16:59 of 3rd period - Minor Penalty to Kevin Czuczman for Roughing.
17:00 of 3rd period - Martin St. Pierre wins face-off versus Buddy Robinson in Bruins zone.
17:11 of 3rd period - Slapshot by Josh Leivo.
17:11 of 3rd period - Shot Blocked by Marc Hagel.
17:13 of 3rd period - Wrist shot by Josh Leivo.
17:13 of 3rd period - Shot Blocked by Buddy Robinson.
17:15 of 3rd period - Wrist shot by Josh Leivo.
17:15 of 3rd period - Shot Blocked by Raman Hrabarenka.
17:17 of 3rd period - Slapshot by Korbinian Holzer.
17:17 of 3rd period - Stopped by Philipp Grubauer without a rebound.
17:18 of 3rd period - Martin St. Pierre wins face-off versus Buddy Robinson in Bruins zone.
17:23 of 3rd period - Slapshot by Josh Leivo.
17:23 of 3rd period - Stopped by Philipp Grubauer with a rebound.
17:25 of 3rd period - Slapshot by Steve Eminger.
17:25 of 3rd period - Shot Blocked by Raman Hrabarenka.
17:27 of 3rd period - Slapshot by Martin St. Pierre.
17:27 of 3rd period - Stopped by Philipp Grubauer with a rebound.
17:31 of 3rd period - Slapshot by Colton Orr.
17:31 of 3rd period - Deflect By Josh Leivo.
17:31 of 3rd period - Stopped by Philipp Grubauer without a rebound.
17:32 of 3rd period - Kael Mouillierat wins face-off versus Kyle Chipchura in Bruins zone.
18:05 of 3rd period - Wrist shot by Colton Orr.
18:05 of 3rd period - Stopped by Philipp Grubauer without a rebound.
18:06 of 3rd period - Marc Hagel wins face-off versus Martin St. Pierre in Bruins zone.
18:29 of 3rd period - Buddy Robinson is hit by Colton Orr.
18:39 of 3rd period - Jesse Blacker is hit by Jake Newton and loses puck.
18:43 of 3rd period - Icing by Jesse Blacker.
18:44 of 3rd period - Kael Mouillierat wins face-off versus Kyle Chipchura in Senators zone.
18:53 of 3rd period - Raman Hrabarenka is hit by Mike Brown and loses puck.
18:59 of 3rd period - Penalty to Kevin Czuczman is over, Kevin Czuczman is back on ice.
19:43 of 3rd period - Wrist shot by Anton Lander.
19:43 of 3rd period - Shot Blocked by Jesse Blacker.
19:45 of 3rd period - Slapshot by Dmitry Korobov.
19:45 of 3rd period - Shot Misses the Net.
Goals for this period are 0 for Senators vs 1 for Bruins.
Shots for this period are 9 for Senators vs 7 for Bruins.


Output by the SimonT Hockey Simulator (STHS) for Eric Dolegowski -- Original Page W3C XHTML 1.0 Valid
Hockey Simulator - Hockey Simulation - Hockey Manager